Map: El Dorado

Players

Eagle

  • Race: Terran Terran
  • League: Gold
  • Spawn Location: 7:00

WeAreLegion - Winner!

  • Race: Terran Terran
  • League: Silver
  • Spawn Location: 5:00

VOD

Have the link to the VOD?

Description

Time

  • Played on: Dec. 8, 2024, 4:21 p.m.
  • Length: 10:32
Show
View Real Time Build Order
Export as new Build Order

Eagle Terran 

Build Orders:  

Get SALT Encoding   

  12  0:02  SCV  
  13  0:20  SCV  
  14  0:32  SCV  
  15  0:47  Supply Depot  
  15  0:52  Refinery  
  15  1:08  SCV  
  16  1:20  SCV  
  16  1:23  Barracks  
  18  1:32  SCV  
  18  1:45  Barracks  
  18  1:49  Barracks  
  18  1:51  SCV  
  18  1:52  Barracks  
  19  2:03  SCV  
  20  2:15  SCV  
  21  2:20  Bunker  
  21  2:28  Marine  
  22  2:33  Marine  
  22  2:37  Marine  
  22  2:42  Marine  
  23  2:44  Orbital Command  
  23  2:52  Factory  
  23  3:38  Marine  
  23  3:44  Command Center  
  23  4:00  Barracks Reactor  
  23  4:01  Barracks Reactor  
  23  4:02  Barracks Tech Lab x2  
  23  4:07  Factory Tech Lab  
  23  4:16  Starport, Refinery  
  23  4:39  Supply Depot x2  
  23  4:40  Supply Depot  
  23  4:55  SCV, Marine x4  
  23  4:57  SCV  
  29  5:07  SCV  
  30  5:19  Orbital Command, SCV  
  31  5:31  Siege Tank, SCV  
  31  5:33  Starport Tech Lab  
  35  5:43  SCV  
  35  5:48  Marine x2, Marauder  
  35  5:49  Marauder  
  42  5:56  SCV  
  43  6:00  Viking  
  45  6:08  SCV  
  46  6:24  Command Center  
  46  6:46  Fusion Core  
  46  6:49  Engineering Bay  
  46  6:51  Armory  
  46  6:52  Supply Depot  
  46  6:54  Supply Depot  
  42  7:47  Orbital Command  
  42  7:54  Marine x6  
  48  8:03  SCV x2  
  50  8:11  Marine  
  51  8:15  SCV, Missile Turret  
  51  8:16  Missile Turret  
  52  8:26  SCV  
  53  8:27  SCV  
  54  8:38  SCV  
  54  8:39  SCV x2  
  57  8:49  Battlecruiser  
  57  8:50  SCV  
  57  8:51  SCV x2  
  66  8:58  Missile Turret  
  66  9:16  Starport  
  66  9:19  Starport  
  66  9:21  Marine  
  66  9:22  Marine x5  
  66  9:23  Starport  
  72  9:29  Refinery  
  72  9:30  Refinery  
  72  9:39  Marine  
  72  9:40  Marine x5  
  72  9:43  Command Center  
  78  9:57  Marine, Viking  
Show
View Real Time Build Order
Export as new Build Order

WeAreLegion Terran - Winner!

Build Orders: Reaper Expand 

Get SALT Encoding   

  12  0:00  SCV  
  13  0:12  SCV  
  14  0:18  Supply Depot  
  14  0:26  SCV  
  15  0:40  SCV  
  15  0:42  Barracks  
  16  0:47  Refinery  
  16  0:52  SCV  
  18  1:04  SCV  
  18  1:16  SCV  
  19  1:29  Orbital Command  
  19  1:31  Reaper  
  20  1:54  Command Center  
  20  1:55  Supply Depot  
  20  1:58  SCV  
  21  2:03  Marine  
  22  2:21  Marine, Bunker  
  23  2:26  Factory  
  23  2:35  SCV  
  24  2:39  Marine  
  25  2:47  SCV  
  27  2:59  SCV  
  26  3:11  Orbital Command, SCV, Barracks Reactor  
  27  3:23  SCV  
  27  3:25  Refinery  
  28  3:28  Widow Mine  
  30  3:35  SCV  
  30  3:39  SCV  
  32  3:47  SCV  
  33  3:49  Widow Mine  
  33  3:51  SCV  
  36  4:00  SCV  
  36  4:02  Marine x2  
  37  4:03  SCV  
  37  4:06  Supply Depot  
  37  4:09  Starport  
  40  4:11  Widow Mine  
  40  4:12  SCV  
  40  4:15  SCV  
  44  4:20  Marine  
  45  4:25  SCV  
  45  4:27  Marine  
  45  4:28  SCV  
  48  4:37  SCV  
  48  4:38  Marine  
  49  4:41  Engineering Bay  
  50  4:46  Barracks  
  50  4:48  Barracks  
  50  4:54  Medivac  
  50  4:58  Starport  
  52  5:00  SCV x2  
  52  5:03  Factory Tech Lab  
  54  5:08  Marine x2  
  54  5:12  SCV x2  
  58  5:15  Supply Depot  
  61  5:21  Siege Tank  
  61  5:24  Supply Depot, SCV  
  61  5:26  Terran Infantry Weapons Level 1  
  62  5:36  SCV, Marine x2  
  65  5:46  SCV  
  65  5:48  SCV, Medivac  
  69  5:50  Starport Tech Lab  
  69  5:53  Siege Tank  
  69  5:54  Marine x2  
  74  5:59  Refinery x2  
  74  6:05  Supply Depot  
  74  6:06  Supply Depot  
  74  6:12  Barracks Tech Lab, Marine x2  
  76  6:19  Barracks Reactor  
  76  6:27  Siege Tank  
  76  6:29  Marine x2  
  76  6:31  Supply Depot  
  81  6:47  Marine x2  
  81  6:50  Starport Reactor  
  83  7:05  Marine x2  
  85  7:12  Marine x3  
  85  7:13  Siege Tank  
  91  7:23  Marine x2  
  91  7:29  Marine  
  91  7:30  Marauder  
  91  7:31  Stimpack  
  92  7:38  Barracks  
  92  7:50  Terran Infantry Armor Level 1  
  92  7:52  Marauder  
  94  8:01  Marine x2  
  94  8:05  Marine x2  
  98  8:13  Marauder  
  98  8:19  Marine  
  101  8:36  Marine  
  102  8:42  Marine x3, Marauder  
  102  8:43  Supply Depot x2  
  102  8:46  Siege Tank  
  110  9:04  Raven, Marine x2, Marauder  
  110  9:06  Supply Depot  
  110  9:08  Supply Depot  
  116  9:10  Armory  
  116  9:12  Command Center  
  116  9:17  SCV x2  
  116  9:18  Siege Tank  
  121  9:30  Supply Depot  
  121  9:39  Raven  
  123  9:50  Siege Tank  
Tags
 
Matchup
TvT
Race
Terran
Replay Pack
December
Spawn Locations
Close Positions
Add a new tag
Caveats
  • Supply blocks, unpowered buildings, or Contaminate may cause inaccurate times.
  • Supply counts are checked every 10 seconds.